 Dungeon Crawl Stone Soup version 0.21.1-1-g345015f (webtiles) character file.

50 wilfster70 the Ducker (level 3, -3/26 HPs)
             Began as an Octopode Fighter on Mar 2, 2018.
             Slain by an adder (5 damage)
             ... on level 2 of the Dungeon.
             The game lasted 00:04:54 (1115 turns).

wilfster70 the Ducker (Octopode Fighter)            Turns: 1115, Time: 00:04:54

Health: -3/26      AC:  1    Str: 15    XL:     3   Next: 79%
Magic:  3/3        EV: 11    Int: 11    God:
Gold:   78         SH:  8    Dex: 11    Spells: 2/2 levels left

rFire    . . .     SeeInvis .   a - +0 trident
rCold    . . .     Gourm    .   o - +0 shield
rNeg     . . .     Faith    .   (helmet restricted)
rPois    .         Spirit   .   (no amulet)
rElec    .         Reflect  .   (no ring)
rCorr    .         Harm     .   (no ring)
MR       .....                  (no ring)
Stlth    ++........             (no ring)
HPRegen  0.08/turn              (no ring)
MPRegen  0.08/turn              (no ring)
                                (no ring)
                                (no ring)

@: lethally poisoned (-3 -> -7)
A: almost no armour, stealthy swim, amphibious, 8 rings, constrict 8, camouflage
1, gelatinous body 1
a: no special abilities


You were on level 2 of the Dungeon.
You were hungry.

You visited 1 branch of the dungeon, and saw 3 of its levels.

You collected 78 gold pieces.

Inventory:

Hand Weapons
 a - a +0 trident (weapon)
 b - a +1 dagger of electrocution
Missiles
 f - 57 stones
 m - 3 tomahawks (quivered)
Armour
 o - a +0 shield (worn)
Wands
 p - a wand of digging (11)
Scrolls
 e - 2 scrolls of enchant weapon {unknown}
 h - 2 scrolls of teleportation {unknown}
 i - a scroll of fear {unknown}
 l - a scroll of identify {unknown}
 n - 2 scrolls of fog {unknown}
Potions
 c - 2 potions of might
 j - 2 potions of curing {unknown}
 k - 2 potions of agility {unknown}
Comestibles
 d - 2 rations
 g - 5 chunks of flesh


   Skills:
 + Level 3.3 Fighting
 * Level 2.9 Polearms
 + Level 3.3 Dodging
 + Level 3.3 Shields


You had 2 spell levels left.
You didn't know any spells.

Dungeon Overview and Level Annotations

Branches:
Dungeon (3/15)

Altars:


Innate Abilities, Weirdness & Mutations

You cannot wear most types of armour.
You are very stealthy in the water. (Stealth+)
You are amphibious.
You can wear up to eight rings at the same time.
You can use your tentacles to constrict eight enemies at once.
Your skin changes colour to match your surroundings (Stealth+).
Your rubbery body absorbs attacks. (AC +1, EV +1)


Message History

A giant cockroach comes into view.
The adder bites you.
There is a stone staircase leading up here.
The adder barely misses you.
You climb upwards.
There is a stone staircase leading down here.
You hit the adder. Your grab misses the adder. Your squeeze misses the adder.
The adder is moderately wounded.
You block the adder's attack. The adder bites you.
* * * LOW HITPOINT WARNING * * *
You are poisoned.
The adder poisons you!
Your shield prevents you from hitting the adder.
Your grab misses the adder.
The adder is moderately wounded.
* * * LOW HITPOINT WARNING * * *
You feel sick. The adder bites you.
* * * LOW HITPOINT WARNING * * *
The adder bites you.
You die...

..#######.....)#######.#..###.#.#
..'..............................
..########.#####.#####.#..###.###
..# #.# #.# #.#..###.# ..# #.##
#.### #.#.....[# ..# #..# #...#
#.#...#### ..# ##.# #...#
#.#.....# ..# #.# #S..# #.#...#.#
#.# ##.####@..# #.##..#.# #.#
#....##.### #.##[...# #.#
#....##.# #.###.### #.# #....##.#
#.# #.# #.# #....##.# #.# #.# #.#
#.......# #.# #.# #.#
#.......#####.# #.# #.#####
#.............# #.# #รท....#
#.)...#.####### #.#


You could see an adder.

Vanquished Creatures
  Terence (D:3)
  A giant cockroach (D:1)
  A goblin (D:1)
  A hobgoblin (D:1)
  3 jackals (D:2)
  A quokka (D:3)
  3 ball pythons (D:1)
  3 bats
  2 frilled lizards (D:2)
  7 kobolds
  3 rats (D:2)
26 creatures vanquished.

Notes
Turn   | Place    | Note
-------+----------+-------------------------------------------
     0 | D:1      | wilfster70 the Octopode Fighter began the quest for the Orb.
     0 | D:1      | Reached XP level 1. HP: 16/16 MP: 1/1
   306 | D:1      | Reached XP level 2. HP: 21/21 MP: 2/2
   986 | D:2      | Reached XP level 3. HP: 20/26 MP: 3/3
  1066 | D:3      | Noticed Terence
  1077 | D:3      | Killed Terence
  1115 | D:2      | Slain by an adder

Action                   || total
-------------------------++-------
Melee: Trident           ||    36
       Constrict         ||    11
       Tentacles         ||     6
       Dagger            ||    17
Throw: Stone             ||    13
       Tomahawk          ||    14
 Stab: Sleeping          ||     1
Armor: Skin              ||     6
Dodge: Dodged            ||    27
Block: Shield            ||    17
